 Dungeon Crawl Stone Soup version 0.28.0-45-g0d030f2227 (webtiles) character file.

Game seed: 10819048358164870226

42 Descartes the Grasshopper (level 3, -1/35 HPs)
             Began as a Troll Warper on Apr 5, 2022.
             Slain by a black bear (3 damage)
             ... created by the rage of Trog
             ... on level 1 of the Dungeon.
             The game lasted 00:02:04 (798 turns).

Descartes the Grasshopper (Troll Warper)             Turns: 798, Time: 00:02:04

Health: -1/35      AC:  4    Str: 19    XL:     3   Next: 33%
Magic:  4/4        EV: 10    Int: 11    God:
Gold:   22         SH:  0    Dex:  9    Spells: 4/4 levels left

rFire   . . .      SeeInvis .     - Unarmed
rCold   . . .      Faith    .   (no shield)
rNeg    . . .      Spirit   .   a - +0 robe
rPois   .          Reflect  .   (helmet restricted)
rElec   .          Harm     .   (no cloak)
rCorr   .          Rampage  .   (gloves unavailable)
Will    .....                   (boots unavailable)
Stlth   +.........              (no amulet)
HPRegen 0.91/turn               (no ring)
MPRegen 0.09/turn               (no ring)

@: no status effects
A: large, unfitting armour, claws 3, regeneration 1, shaggy fur 1, tough skin 1
a: no special abilities


You were on level 1 of the Dungeon.
You visited 1 branch of the dungeon, and saw 2 of its levels.

You collected 22 gold pieces.

Inventory:

Missiles
 c - 5 boomerangs of dispersal (quivered)
 d - 13 stones
 j - 6 boomerangs
 m - 5 curare-tipped darts
Armour
 a - a +0 robe (worn)
Jewellery
 g - a +6 ring of dexterity
 h - a +6 ring of strength
Scrolls
 b - a scroll of blinking
 e - a scroll of teleportation {unknown}
 l - a scroll of fear {unknown}
 n - a scroll of fog {unknown}
Potions
 f - a potion of flight {unknown}
 i - a potion of curing {unknown}
 k - 2 potions of magic {unknown}


   Skills:
 + Level 1.8 Fighting
 - Level 0.8 Throwing
 + Level 2.3 Dodging
 + Level 2.5 Unarmed Combat
 - Level 1.3 Spellcasting
 - Level 2.5 Translocations


You had 4 spell levels left.
You didn't know any spells.
Your spell library contained the following spells:

 Spells                   Type           Power      Damage    Failure   Level
 Blink                    Tloc           12%        N/A       17%         2
 Gell's Gravitas          Tloc           6%         N/A       32%         3
 Lesser Beckoning         Tloc           6%         N/A       32%         3
 Teleport Other           Tloc           6%         N/A       32%         3
 Manifold Assault         Tloc           6%         N/A       97%         5


Dungeon Overview and Level Annotations

Branches:
Dungeon (2/15)

Altars:
Trog


Innate Abilities, Weirdness & Mutations

You are too large for most types of armour.
You have claws for hands.
Your natural rate of healing is unusually fast.
You are covered in fur. (AC +1)
You have tough skin. (AC +1)


Message History

You hear an angry growl.
You hear an angry hiss.
The black bear rages.
The black bear bites you! The black bear claws you.
The black bear closely misses you. The black bear bites you!
The black bear closely misses you. x2
You hear an angry hiss.
The black bear closely misses you. The black bear claws you.
The black bear claws you but does no damage.
The polar bear rages.
The black bear closely misses you. The black bear misses you.
The black bear barely misses you.
The black bear rages.
The polar bear rages.
The black bear barely misses you.
The black bear claws you but does no damage.
The black bear completely misses you.
You hear a bark!
You see here 4 poisoned darts.
The black bear closely misses you.
The black bear claws you but does no damage. x2
There is a stone staircase leading up here.
The black bear completely misses you. The black bear claws you.
The black bear barely misses you. The black bear bites you.
The black bear barely misses you. x2; The black bear closely misses you.
The black bear completely misses you.
The black bear claws you but does no damage.
You climb upwards.
There is a stone staircase leading down here.
The black bear barely misses you. The black bear claws you. x2
* * * LOW HITPOINT WARNING * * *
The black bear bites you.
* * * LOW HITPOINT WARNING * * *
The black bear claws you.
* * * LOW HITPOINT WARNING * * *
The black bear barely misses you.
The black bear rages.
The black bear bites you.
* * * LOW HITPOINT WARNING * * *
The black bear claws you.
You die...

#.........# #.#######.# #.#
#.############## #.#
####..>........†..# ##.##
#.......#.##.####.#
#...###.##.##.#.##.# #.# #
#.......##.#....##.####.#####
#...######......##...........
##.## ##..@....######.#####
#.# #..hh.....# #.# # #.#
#.........# #.#
#.######.........#####.#
#......>).#............###
#.######..##.###.........###
######.##
#...........###........
#.......# #.#.....##..#
#.##...## #.#####.#
#.#..##.##..# #.##...##


You could see 2 black bears.

Vanquished Creatures
  A dart slug (D:1)
  2 ball pythons (D:1)
  7 bats
  3 endoplasms (D:1)
  4 goblins (D:1)
  4 hobgoblins (D:1)
  4 jackals (D:1)
  3 quokkas (D:1)
  2 frilled lizards (D:1)
  4 rats (D:1)
34 creatures vanquished.

Vanquished Creatures (others)
  A fungus (D:1)
  A plant (D:1)
2 creatures vanquished.

Grand Total: 36 creatures vanquished

Notes
Turn   | Place    | Note
-------+----------+-------------------------------------------
     0 | D:1      | Descartes the Troll Warper began the quest for the Orb.
     0 | D:1      | Reached XP level 1. HP: 19/19 MP: 1/1
    81 | D:1      | Reached XP level 2. HP: 24/27 MP: 3/3
   373 | D:1      | Reached XP level 3. HP: 32/35 MP: 4/4
   598 | D:1      | Found a faded altar of an unknown god.
   737 | D:1      | Prayed at the altar of an unknown god.
   737 | D:1      | Became a worshipper of Trog the Wrathful
   737 | D:1      | Reached * piety under Trog
   738 | D:1      | Fell from the grace of Trog
   779 | D:2      | Noticed a black bear
   779 | D:2      | Noticed a black bear
   779 | D:2      | Noticed a black bear
   779 | D:2      | Noticed a polar bear
   798 | D:1      | Slain by a black bear

Illustrated notes

Levels and vault maps discovered:
D:1:      dpeg_arrival_rooms_b, layout_loops_ring,
          shapermc_ecumenical_altar_acropolis
D:2:      layout_rooms

Skill      XL: |  1 |
---------------+----+-----
Dodging        | 2 |  2.3
Fighting       | |  1.8
Throwing       | |  0.8
Unarmed Combat | |  2.5
Spellcasting   | |  1.3
Translocations | |  2.5

Action                   || total
-------------------------++-------
Melee: Unarmed           ||    95
       Punch             ||     1
Invok: Renounce Religion ||     1
Armor: Robe              ||    52
Dodge: Dodged            ||    75
